 Dungeon Crawl Stone Soup version bcrawl-1.21.3-2-g9d8a61a446 (console) character file.

Game seed: 9268603016146191922

1801165 Kagalorn the Invulnerable (level 27, 300/300 HPs)
             Began as a Minotaur Archaeologist on Apr 20, 2020.
             Was the Champion of Okawaru.
             Escaped with the Orb
             ... and 3 runes!
             The game lasted 03:01:52 (65371 turns).

Kagalorn the Invulnerable (Minotaur Archaeologist) Turns: 65371, Time: 03:01:52

Health: 300/300    AC: 53    Str: 26    XL:     27
Magic:  36/36      EV: 17    Int: 17    God:    Okawaru [******]
Gold:   5555       SH: 16    Dex:  7    Spells: 26/26 levels left

rFire    + + .     SeeInvis +   a - +18 lance {slay drac, rPois rF+ rC+ AC+3}
rCold    + + +     Gourm    .   v - +2 medium shield {AC+3}
rNeg     + . .     Faith    +   U - +6 gold dragon scales
rPois    +         Spirit   .   b - +4 hat of Absolutism {rN+ Regen+}
rElec    +         Reflect  .   w - +2 cloak {MR+}
rCorr    .         Harm     .   R - +0 pair of hand wraps "Fists of Thunder" {+elec, rElec Slay+2}
MR       +++..                  d - +2 pair of boots {Fly}
Stlth    ..........             D - amulet of Fanak {Faith rElec rC+}
HPRegen  1.00/turn              I - ring of the Moon {rC+ Dex-5 Slay+6 SInv}
MPRegen  0.25/turn              f - ring of Jioqygg {rPois EV+5 Int+6 Stlth-}

@: no status effects
A: retaliatory headbutt, horns 2, see invisible, cold resistance 1, mutation
resistance 1, robust 1
0: Orb of Zot
}: 3/15 runes: barnacled, silver, gossamer
a: Heroism, Finesse, Renounce Religion, Evoke Flight


You escaped.
You worshipped Okawaru.
Okawaru was exalted by your worship.
You were not hungry.

You visited 11 branches of the dungeon, and saw 44 of its levels.
You visited 1 bazaar.
You also visited: Sewer, Ice Cave and Wizlab.

You collected 8298 gold pieces.
You spent 2743 gold pieces at shops.

Inventory:

Hand Weapons
 a - the +18 lance "Wyrmbane" (weapon) {slay drac, rPois rF+ rC+ AC+3}
   (You found it on level 4 of the Dungeon)

   It affects your AC (+3).
   It protects you from fire.
   It protects you from cold.
   It protects you from poison.
Missiles
 x - 525 silver javelins (quivered)
 H - 13 throwing nets {!f}
Armour
 b - the +4 hat of Absolutism (worn) {rN+ Regen+}
   (You acquired it on level 1 of the Realm of Zot)

   It protects you from negative energy.
   It increases your rate of regeneration.
 d - a +2 pair of boots of flying (worn)
 q - the +0 mask of the Dragon {MR+ Slay+3 SInv}
   (You found it on level 1 of the Realm of Zot)

   It affects your accuracy and damage with ranged weapons and melee attacks
   (+3).
   It affects your resistance to hostile enchantments.
   It lets you see invisible.
 v - a +2 medium shield of protection (worn)
 w - a +2 cloak of magic resistance (worn)
 J - the +9 crystal plate armour of Kindness {Regen+ Int+2 SInv}
   (Okawaru gifted it to you on level 3 of the Elven Halls)

   It affects your intelligence (+2).
   It lets you see invisible.
   It increases your rate of regeneration.
 R - the +0 pair of hand wraps "Fists of Thunder" (worn) {+elec, rElec Slay+2}
   (You found it on level 3 of the Depths)

   It affects your accuracy and damage with ranged weapons and melee attacks
   (+2).
   It insulates you from electricity.
 U - +6 gold dragon scales (worn)
Jewellery
 f - the ring of Jioqygg (right hand) {rPois EV+5 Int+6 Stlth-}
   (You acquired it in a sewer)

   [ring of evasion]

   It affects your evasion (+5).
   It affects your intelligence (+6).
   It protects you from poison.
   It makes you less stealthy.
 D - the amulet of Fanak (around neck) {Faith rElec rC+}
   (You found it on level 3 of the Depths)

   [amulet of faith]

   It allows you to gain divine favour quickly.
   It protects you from cold.
   It insulates you from electricity.
 I - the ring of the Moon (left hand) {rC+ Dex-5 Slay+6 SInv}
   (You found it in an ice cave)

   [ring of see invisible]

   It affects your dexterity (-5).
   It affects your accuracy and damage with ranged weapons and melee attacks
   (+6).
   It protects you from cold.
   It lets you see invisible.
 P - the ring of Attitude {rF+ MP-9 Str+7 Dex-5 Stlth+}
   (You acquired it on level 3 of the Elven Halls)

   [ring of protection from fire]

   It affects your strength (+7).
   It affects your dexterity (-5).
   It protects you from fire.
   It affects your magic capacity (-9).
   It makes you more stealthy.
 Q - a +5 ring of slaying
 Y - the ring "Isuklor" {+Fly MR+ Dex+4}
   (You found it on level 3 of the Elven Halls)

   [ring of flight]

   It affects your dexterity (+4).
   It affects your resistance to hostile enchantments.
   It lets you fly.
Wands
 s - a wand of iceblast (55)
 F - a wand of enslavement (42)
 L - a wand of clouds (4)
 V - a wand of paralysis (15)
 Z - a wand of digging (20)
Scrolls
 g - 7 scrolls of magic mapping
 j - 8 scrolls of teleportation
 l - 5 scrolls of blinking
 m - 23 scrolls of remove curse
 o - 8 scrolls of fog
 u - a scroll of amnesia
 K - 2 scrolls of silence
 N - 6 scrolls of fear
 S - 2 scrolls of summoning
 T - 2 scrolls of vulnerability
Potions
 c - 5 potions of haste
 h - 31 potions of curing
 i - 6 potions of heal wounds
 n - 15 potions of lignification
 p - a potion of mutation
 r - 10 potions of might
 t - 4 potions of ambrosia
 z - 10 potions of agility
 A - 10 potions of brilliance
 B - 7 potions of berserk rage
 E - 3 potions of resistance
 G - 7 potions of flight
 O - 8 potions of invisibility
 W - a potion of cancellation
 X - 3 potions of magic
Miscellaneous
 k - 2 phantom mirrors
 y - a lamp of fire
 C - 4 boxes of beasts
 M - 2 sacks of spiders
Comestibles
 e - 40 rations {!d}


   Skills:
 O Level 27 Fighting
   Level 1.2(3.7) Maces & Flails
 + Level 26.2(26.3) Polearms
   Level 5.7(18.8) Staves
 O Level 27 Armour
 - Level 15.0 Dodging
 - Level 3.0 Stealth
 - Level 15.0 Shields
 - Level 8.0 Invocations
 + Level 21.4 Evocations


You had 26 spell levels left.
You didn't know any spells.
Your spell library contained the following spells:

 Spells                   Type           Power        Failure   Level  Hunger
 Animate Skeleton         Necr           N/A          83%         1    ##.....
 Beastly Appendage        Tmut           #.....       83%         1    ##.....
 Blink Other              Tloc           #.....       83%         1    ##.....
 Flame Tongue             Conj/Fire      #....        83%         1    ##.....
 Infusion                 Chrm           #.......     83%         1    ##.....
 Magic Dart               Conj           #...         83%         1    ##.....
 Pain                     Necr           #.....       83%         1    ##.....
 Shock                    Conj/Air       #....        83%         1    ##.....
 Sting                    Conj/Pois      #...         83%         1    ##.....
 Summon Small Mammal      Summ           #...         83%         1    ##.....
 Blink                    Tloc           N/A          93%         2    ###....
 Call Imp                 Summ           #.....       93%         2    ###....
 Ensorcelled Hibernation  Hex/Ice        #.....       93%         2    ###....
 Flaming Arrows           Chrm/Fire      #.......     93%         2    ###....
 Poisonous Vapours        Pois/Air       #.....       93%         2    ###....
 Searing Ray              Conj           #.......     93%         2    ###....
 Shackle                  Hex            #.......     93%         2    ###....
 Song of Slaying          Chrm           #.......     93%         2    ###....
 Sticks to Snakes         Tmut           #.......     93%         2    ###....
 Swiftness                Chrm/Air       #.......     93%         2    ###....
 Beckoning                Tloc           #.........   99%         3    ####...
 Call Canine Familiar     Summ           #.......     99%         3    ####...
 Conjure Flame            Conj/Fire      #.......     99%         3    ####...
 Dazzling Spray           Conj/Hex       #.....       99%         3    ####...
 False Image              Hex/Summ       #.......     99%         3    ####...
 Ignite Poison            Fire/Tmut/Pois #.......     99%         3    ####...
 Inner Flame              Hex/Fire       N/A          99%         3    ####...
 Iskenderun's Mystic Bla  Conj           #.......     99%         3    ####...
 Mephitic Cloud           Conj/Pois/Air  #.......     99%         3    ####...
 Ozocubu's Armour         Chrm/Ice       #.......     99%         3    ####...
 Portal Projectile        Tloc           #.....       99%         3    ####...
 Recall                   Summ/Tloc      N/A          99%         3    ####...
 Regeneration             Chrm/Necr      #.........   99%         3    ####...
 Spectral Weapon          Hex/Chrm       #.......     99%         3    ####...
 Spider Form              Tmut/Pois      #..          99%         3    ####...
 Static Discharge         Air            #.......     99%         3    ####...
 Stone Arrow              Conj/Erth      #.....       99%         3    ####...
 Teleport Other           Tloc           #.......     99%         3    ####...
 Vampiric Draining        Necr           #.........   99%         3    ####...
 Airstrike                Air            #.........   100%        4    #####..
 Animate Dead             Necr           N/A          100%        4    #####..
 Cause Fear               Hex            #.........   100%        4    #####..
 Force Lance              Tloc           #.......     100%        4    #####..
 Fulminant Prism          Conj/Hex       #.........   100%        4    #####..
 Ice Form                 Ice/Tmut       #.......     100%        4    #####..
 Olgreb's Toxic Radiance  Pois           #.......     100%        4    #####..
 Sticky Flame             Conj/Fire      #.......     100%        4    #####..
 Summon Ice Beast         Ice/Summ       #.......     100%        4    #####..
 Summon Scorpions         Summ/Pois      #.......     100%        4    #####..
 Throw Icicle             Conj/Ice       #.......     100%        4    #####..
 Aura of Abjuration       Summ           #.........   100%        5    ######.
 Blade Hands              Tmut           #.........   100%        5    ######.
 Bolt of Draining         Conj/Necr      #.........   100%        5    ######.
 Bolt of Magma            Conj/Fire/Erth #.........   100%        5    ######.
 Fireball                 Conj/Fire      #.........   100%        5    ######.
 Irradiate                Conj/Tmut      #.........   100%        5    ######.
 Iskenderun's Battlesphe  Conj/Chrm      #.......     100%        5    ######.
 Lightning Bolt           Conj/Air       #.........   100%        5    ######.
 Metabolic Englaciation   Hex/Ice        #.........   100%        5    ######.
 Silence                  Hex/Air        #.........   100%        5    ######.
 Summon Demon             Summ           #.........   100%        5    ######.
 Summon Forest            Summ/Tloc      #.........   100%        5    ######.
 Summon Lightning Spire   Summ/Air       #.......     100%        5    ######.
 Summon Mana Viper        Hex/Summ       #.......     100%        5    ######.
 Venom Bolt               Conj/Pois      #.........   100%        5    ######.
 Bolt of Fire             Conj/Fire      #.........   100%        6    #######
 Borgnjor's Vile Clutch   Necr/Erth      #.........   100%        6    #######
 Conjure Ball Lightning   Conj/Air       #.........   100%        6    #######
 Darkness                 Hex            #.........   100%        6    #######
 Death Channel            Chrm/Necr      #.........   100%        6    #######
 Deflect Missiles         Chrm/Air       #.........   100%        6    #######
 Dispersal                Tloc           #.........   100%        6    #######
 Freezing Cloud           Ice/Air        #.........   100%        6    #######
 Infestation              Hex/Tmut/Pois  #........    100%        6    #######
 Iron Shot                Conj/Erth      #.........   100%        6    #######
 Poison Arrow             Conj/Pois      #.........   100%        6    #######
 Shadow Creatures         Summ           N/A          100%        6    #######
 Simulacrum               Ice/Necr       #.........   100%        6    #######
 Steam Barrier            Chrm/Fire      #.........   100%        6    #######
 Dragon Form              Tmut           #......      100%        7    #######
 Haunt                    Necr/Summ      #.........   100%        7    #######
 Icicle Burst             Conj/Ice       #.........   100%        7    #######
 Monstrous Menagerie      Summ           #.........   100%        7    #######
 Orb of Destruction       Conj           #.........   100%        7    #######
 Spellforged Servitor     Conj/Summ      #.........   100%        7    #######
 Borgnjor's Revivificati  Necr           #.........   100%        8    #######
 Chain Lightning          Conj/Air       #.........   100%        8    #######
 Controlled Blink         Tloc           N/A          100%        8    #######
 Glaciate                 Conj/Ice/Air   #.........   100%        8    #######
 Ignition                 Fire           #.........   100%        8    #######
 Lehudib's Crystal Spear  Conj/Erth      #.........   100%        8    #######
 Necromutation            Tmut/Necr      #.......     100%        8    #######
 Time Stop                Chrm/Tloc      N/A          100%        8    #######
 Dragon's Call            Summ           #.........   100%        9    #######
 Fire Storm               Conj/Fire      #.........   100%        9    #######
 Shatter                  Erth           #.........   100%        9    #######
 Tornado                  Air            #.........   100%        9    #######
 Passage of Golubria      Tloc           Unusable     N/A         5    N/A

Dungeon Overview and Level Annotations

Branches:
Dungeon (12/12)            Temple (1/1) D:4            Lair (6/6) D:8
 Shoals (3/3) Lair:4       Spider (3/3) Lair:2        Slime (0/5) Lair:6
    Orc (1/1) D:8             Elf (3/3) Orc          Vaults (3/3) D:12
  Crypt (2/2) Vaults:1       Tomb (0/3) Crypt:2      Depths (5/5) D:12
    Zot (5/5) Depths:5

Altars:
Ashenzari
Cheibriados
Dithmenos
Elyvilon
Fedhas
Gozag
Hepliaklqana
Kikubaaqudgha
Lugonu
Makhleb
Nemelex Xobeh
Okawaru
Qazlal
Ru
Sif Muna
Trog
Uskayaw
Vehumet
Wu Jian
Xom
Yredelemnul
Zin
The Shining One
Jiyva

Shops:
D:7 *   D:8 [**=   D:10 }   D:11 *   Orc (([!   Elf:2 :   Elf:3 %
Vaults:1 !**}   Vaults:2 ?

Portals:
Hell: Depths:1 Depths:2 Depths:3 Depths:4 Depths:5
Abyss: Depths:4 Depths:5
Pandemonium: Depths:1 Depths:2 Depths:3 Depths:4
Ziggurat: Depths:1

Annotations:
Depths:4 3 runed translucent doors, gruber's ghost, adept MiAc; speilhur's ghost, veteran VSRg; xzight's ghost, legendary MiBe


Innate Abilities, Weirdness & Mutations

You reflexively headbutt those who attack you in melee.
You have a pair of horns on your head.
You have supernaturally acute eyesight. (SInv)
Your flesh is cold resistant. (rC+)
You are somewhat resistant to further mutation.
You are robust. (+10% HP)


Message History

2 red devils and a balrug come into view.
The balrug is wielding a +1 demon whip of venom.
The balrug moves out of view.
The red devil moves out of view.
There is a stone staircase leading up here.
You climb upwards.
There is a stone staircase leading down here.
Things that are here:
a +0 leather armour; a +0 dagger; an orc skeleton Xuawnuku comes into view.
Xuawnuku gestures.
Press: ? - help, v - describe, . - travel
Here: Xuawnuku The floor.
Unknown command.
There is a stone staircase leading up here.
You climb upwards.
There is a stone staircase leading down here.
There is an open gate here.
There is a staircase leading out of the dungeon here.
You have escaped!

####.....########.##.#....)......
####.....# #......#.#.#####.....
......)..# #.###..#.#.# #.....
####.....# #.#....#.#.# #.....
#.....# #.#.##.#.#.#####.....
##'#### #.#....#.#......##### #.#
#........######.#
###'##################..#.#
#.....##......@....(.#.##.#
#..>..##.............#....#
#.....###...≈≈≈≈≈...##.####
###.....# #...≈≈≈≈≈...##.#
..+.....# ##...≈≈≈...###.#######
###.....# #...≈≈≈...#.........#
####### ##...≈...##.#.#####.#
#############...≈...#..#.# #.#
.......[....##.....##....# #.##


There were no monsters in sight!

Vanquished Creatures
  A pandemonium lord (Depths:3)
  2 juggernauts
  3 orbs of fire (Zot:5)
  Mara (Crypt:2)
  9 ancient liches
  Sojobo (Vaults:3)
  Boris (Vaults:3)
  9 Killer Klowns
  10 golden dragons
  Frederick (Crypt:2)
  3 caustic shrikes (Depths:4)
  A curse toe (Zot:2)
  A bone dragon (Crypt:2)
  2 Brimstone Fiends
  2 profane servitors
  3 Orb Demons
  32 Orb Guardians
  2 electric golems (Zot:5)
  17 tentacled monstrosities
  The ghost of Ununsept the Sorcerer, an adept FrCj of Vehumet (Depths:2)
  6 liches
  5 titans
  5 deep elf master archers (Elf:3)
  5 deep elf blademasters
  3 quicksilver dragons
  An ancient champion (Crypt:2)
  Frances (Shoals:2)
  7 death cobs
  3 sphinxes
  Polyphemus (Shoals:3)
  6 tengu reavers (Vaults:3)
  A shadow dragon (shapeshifter) (Depths:3)
  28 storm dragons
  16 shadow dragons
  4 draconian monks
  A revenant (Crypt:2)
  Ilsuiw (Shoals:3)
  An azure jelly (shapeshifter) (Vaults:3)
  14 frost giants
  A balrug (Zot:1)
  8 draconian knights
  11 fire giants
  4 deep elf sorcerers
  16 ghost moths
  2 fire giants (shapeshifter) (Depths:3)
  A cacodemon (D:7)
  An orc warlord (Vaults:1)
  3 deep elf elementalists (Elf:3)
  3 emperor scorpions (Spider:3)
  A ghoul (Crypt:2)
  7 draconian scorchers
  9 vault wardens
  6 draconian shifters
  7 draconian annihilators
  19 stone giants
  7 ironheart preservers
  2 entropy weavers
  A spriggan defender (Depths:5)
  2 draconian stormcallers (Zot:4)
  16 very ugly things
  7 war gargoyles
  20 green draconians
  4 vampire knights
  5 deep elf demonologists
  A lorocyproca (Depths:2)
  13 black draconians
  20 purple draconians
  10 red draconians
  The ghost of runemage the Blocker, a journeyman GnFi of Ashenzari (Lair:4)
  2 spark wasps (Spider:3)
  12 yellow draconians
  6 deep elf annihilators
  8 deep elf death magi
  12 white draconians
  3 dire elephants
  9 statues (WizLab)
  Snorg (Lair:4)
  7 merfolk javelineers
  8 ettins
  An eidolon (Crypt:1)
  3 blizzard demons
  10 crystal guardians
  2 pearl dragon zombies (Depths:1)
  Josephine (D:11)
  18 jiangshi
  12 yaktaur captains
  15 fire dragons
  A deep elf high priest (Elf:1)
  12 ice dragons
  27 vault guards
  7 merfolk impalers
  12 hydras
  An ice dragon (shapeshifter) (Depths:3)
  A great orb of eyes (shapeshifter) (Depths:3)
  3 great orbs of eyes
  Psyche (D:11)
  5 rakshasas
  4 merfolk avatars
  2 satyrs (Shoals:3)
  2 catoblepae
  A spriggan air mage (Depths:5)
  7 centaur warriors
  4 death knights
  6 merfolk aquamancers
  22 two-headed ogres
  10 ogre magi
  Erica (D:10)
  2 alligators (Lair:6)
  10 death yaks
  3 vampire magi (Crypt:1)
  3 hell hogs (Depths:1)
  Urug (D:10)
  3 deep troll earth magi
  51 dancing weapons
  A soul eater (Depths:2)
  2 orc high priests (Orc)
  8 deep troll shamans
  5 spriggan berserkers
  A shock serpent (shapeshifter) (Depths:3)
  A storm dragon zombie (Depths:4)
  23 deep elf knights
  22 deep trolls
  A sun demon (Zot:1)
  A titan skeleton (Crypt:2)
  The ghost of EnegeticOcto the Cleaver, a novice MiSA of Cheibriados (D:6)
  3 shadow wraiths
  A fire crab (Lair:6)
  14 hell knights
  18 skeletal warriors
  12 sea snakes
  A torturous demonspawn (Depths:4)
  A glowing orange brain (shapeshifter) (Depths:1)
  2 unseen horrors
  7 iron trolls
  A golden dragon zombie (Depths:4)
  2 death drakes (shapeshifter) (Depths:3)
  4 glowing orange brains
  An unseen horror (shapeshifter) (Vaults:2)
  A shadow demon (Depths:1)
  21 harpies
  11 necromancers
  4 obsidian statues (Depths:3)
  5 flayed ghosts
  15 deep elf archers
  13 ironbrand convokers
  4 wizards
  An orc knight (Orc)
  Pikel (D:6)
  16 phantasmal warriors
  9 cyclopes
  A frost giant zombie (Crypt:1)
  21 wolf spiders
  A wolf spider zombie (D:10)
  14 orb spiders
  An iron dragon zombie (Depths:4)
  2 oklob plants (Lair:3)
  6 orc sorcerers
  A stone giant zombie (Vaults:2)
  A salamander (shapeshifter) (Elf:2)
  2 wolf spiders (shapeshifter)
  7 fauns
  73 deep elf magi
  2 human zombies (Vaults:1)
  A salamander (D:12)
  20 ugly things
  6 manticores
  22 elephants
  4 apis skeletons (Depths:1)
  10 merfolk sirens
  A rust devil (Depths:4)
  2 frost giant skeletons
  A moth of wrath (shapeshifter) (Vaults:3)
  A stone giant skeleton (Vaults:3)
  12 vault sentinels
  35 moths of wrath
  6 black mambas
  6 water nymphs
  An ice statue (IceCv)
  2 molten gargoyles (Depths:3)
  2 smoke demons (Depths:4)
  4 torpor snails
  2 gargoyles (Depths:3)
  A yaktaur zombie (Vaults:3)
  6 cane toads
  A yaktaur (shapeshifter) (Depths:3)
  A minotaur zombie (Crypt:1)
  4 rime drakes
  31 yaktaurs
  An efreet (D:12)
  5 freezing wraiths
  A redback zombie (D:11)
  6 komodo dragons
  An ice devil (Depths:4)
  A komodo dragon (shapeshifter) (D:12)
  11 demonic crawlers
  6 wind drakes
  36 jumping spiders
  3 red devils (Zot:1)
  5 tengu conjurers
  3 trolls
  A merfolk (shapeshifter) (Depths:3)
  18 polar bears
  18 merfolk
  2 queen bees (shapeshifter)
  Prince Ribbit (D:9)
  10 hornets
  17 slime creatures
  A wind drake (shapeshifter) (Vaults:3)
  3 raiju
  14 blink frogs
  A tengu simulacrum (Vaults:3)
  An ettin zombie (Vaults:2)
  5 tyrant leeches (Lair:4)
  17 dream sheep
  14 hippogriffs
  A tyrant leech (shapeshifter) (Depths:3)
  3 human simulacra
  5 snapping turtles
  An ettin skeleton (Vaults:1)
  45 flying skulls (Crypt:2)
  Sigmund (D:3)
  6 spriggans
  7 air elementals
  A frost giant simulacrum (Vaults:3)
  A large abomination (Crypt:2)
  51 redbacks
  A ynoxinul (D:5)
  23 tarantellas
  7 shadows
  43 yaks
  4 basilisks
  2 wyverns
  12 wraiths
  32 water elementals
  9 humans (Zot:1)
  2 hungry ghosts
  2 neqoxecs (Depths:4)
  3 chaos spawn (Depths:2)
  12 fire elementals
  An insubstantial wisp (Depths:3)
  7 vampire mosquitoes
  6 swamp worms (Lair:4)
  An acid dragon (shapeshifter) (Depths:3)
  2 wargs (Orc)
  14 crocodiles
  A floating eye (shapeshifter) (Vaults:2)
  A floating eye (Depths:1)
  A hydra simulacrum (Crypt:2)
  8 porcupines
  13 water moccasins
  2 hornet zombies
  A two-headed ogre skeleton (Crypt:1)
  A merfolk skeleton (Crypt:1)
  3 black bears
  Purgy (Sewer)
  3 slaves
  A black bear (shapeshifter) (Vaults:2)
  An ettin simulacrum (Crypt:2)
  23 orc warriors
  An ice beast (D:7)
  7 sky beasts
  2 boggarts
  32 ogres
  5 necrophages
  40 wolves
  17 centaurs
  9 bullfrogs
  3 small abominations (Crypt:2)
  A human skeleton (Vaults:2)
  12 earth elementals
  8 scorpions
  A troll zombie (Crypt:1)
  11 killer bees
  15 wights
  An electric eel (Spider:3)
  3 howler monkeys
  3 centaur zombies
  6 crimson imps
  A quasit (Depths:1)
  5 hounds
  2 jellies
  25 orc wizards
  21 orc priests
  3 bullfrog skeletons (D:4)
  3 centaur skeletons
  An iguana (D:4)
  Jessica (D:3)
  16 worker ants
  6 hell rats
  A sky beast zombie (Crypt:1)
  17 adders
  3 river rats (D:3)
  3 shadow imps
  An adder skeleton (D:4)
  2 worms
  5 dart slugs
  5 leopard geckos
  68 orcs
  3 giant cockroaches
  9 hobgoblins
  4 jackals
  4 quokkas
  A ball python (D:3)
  7 bats
  2 frilled lizards
  2 goblins (D:1)
  8 kobolds
  A quokka skeleton (D:4)
  10 rats
  A river rat skeleton (Crypt:1)
  A fungus (Lair:6)
  3 plants
2288 creatures vanquished.

Vanquished Creatures (others)
  A fire giant (Vaults:3)
  A glowing orange brain (Depths:3)
  An unseen horror (Vaults:1)
  A moth of wrath (Zot:5)
  A raiju (Depths:3)
  2 fire elementals (Depths:3)
  2 insubstantial wisps (Depths:3)
  2 wolves (IceCv)
  2 orc wizards
  9 ball lightnings (Depths:3)
  6 fungi
  35 plants
  5 tentacles (Shoals:3)
68 creatures vanquished.

Grand Total: 2356 creatures vanquished

Notes
Turn   | Place    | Note
-------+----------+-------------------------------------------
     0 | D:1      | Kagalorn the Minotaur Archaeologist began the quest for the
                  | Orb.
     0 | D:1      | Reached XP level 1. HP: 16/16 MP: 0/0
   554 | D:1      | Reached XP level 2. HP: 20/24 MP: 1/1
  1325 | D:2      | Found a shimmering altar of Xom.
  1400 | D:2      | Reached XP level 3. HP: 24/30 MP: 2/2
  1519 | D:2      | Found a burning altar of Makhleb.
  1755 | D:3      | Reached XP level 4. HP: 31/38 MP: 3/3
  1805 | D:3      | Noticed Sigmund
  2008 | D:3      | Noticed Jessica
  2022 | D:3      | Found a hazy altar of Hepliaklqana.
  2054 | D:3      | Reached XP level 5. HP: 33/46 MP: 4/4
  2054 | D:3      | Identified a scroll of acquirement
  2094 | D:3      | Reached skill level 5 in Dodging
  2170 | D:3      | Reached skill level 5 in Fighting
  2180 | D:3      | Found a glowing drain.
  2184 | Sewer    | Entered a sewer
  2428 | Sewer    | Identified the +1 hunting sling of Valiance {elec, rF+ rC+
                  | rN+ Int-3} (You acquired it in a sewer)
  2428 | Sewer    | Identified the ring of Jioqygg {rPois EV+5 Int+6 Stlth-}
                  | (You acquired it in a sewer)
  2586 | Sewer    | Noticed Purgy
  2593 | Sewer    | Killed Purgy
  2593 | Sewer    | Reached XP level 6. HP: 51/56 MP: 5/5
  2825 | D:3      | Killed Jessica
  2841 | D:3      | Identified Jessica's Disquisition on Enchantment
  2883 | D:3      | Killed Sigmund
  2883 | D:3      | Reached XP level 7. HP: 58/64 MP: 6/6
  2897 | D:3      | Found a stormy altar of Qazlal.
  2898 | D:3      | Found a radiant altar of Vehumet.
  2903 | D:3      | Found a corrupted altar of Lugonu.
  3240 | D:4      | Found a staircase to the Ecumenical Temple.
  3249 | Temple   | Entered the Ecumenical Temple
  3581 | D:4      | Found a hide-covered altar of Uskayaw.
  3583 | D:4      | Found a sparkling altar of Nemelex Xobeh.
  3868 | D:4      | Reached skill level 5 in Staves
  3933 | D:4      | Found the +8 lance "Wyrmbane" {slay drac, rPois rF+ rC+
                  | AC+3}
  4091 | D:4      | Reached skill level 1 in Polearms
  4091 | D:4      | Reached XP level 8. HP: 74/74 MP: 7/7
  4318 | D:5      | Entered Level 5 of the Dungeon
  4755 | D:5      | Found an iron altar of Okawaru.
  4755 | D:5      | Found a shattered altar of Ashenzari.
  4759 | D:5      | Became a worshipper of Warmaster Okawaru
  4763 | D:5      | Found an ancient bone altar of Kikubaaqudgha.
  4763 | D:5      | Found a shadowy altar of Dithmenos.
  4769 | D:5      | Got a shimmering flail
  4774 | D:5      | Identified the +3 flail "Wulikhaj" {crush, *Contam +Fly MR-
                  | Dex+8} (You found it on level 5 of the Dungeon)
  5098 | D:6      | Noticed Pikel
  5171 | D:5      | Reached skill level 1 in Invocations
  5310 | D:6      | Reached skill level 10 in Fighting
  5547 | D:6      | Reached * piety under Okawaru
  5547 | D:6      | Reached skill level 5 in Polearms
  5547 | D:6      | Reached XP level 9. HP: 78/85 MP: 11/11
  5595 | D:6      | Killed Pikel
  5595 | D:6      | Reached skill level 5 in Invocations
  5802 | D:6      | Found a runed translucent door.
  5802 | D:6      | Noticed EnegeticOcto's ghost (novice MiSA)
  5958 | D:7      | Reached ** piety under Okawaru
  6107 | D:7      | Found a burning altar of Makhleb.
  6110 | D:7      | Found a glowing silver altar of Zin.
  6110 | D:7      | Noticed a blizzard demon
  6110 | D:7      | Noticed an angel
  6265 | D:7      | Reached *** piety under Okawaru
  6265 | D:7      | Reached XP level 10. HP: 82/93 MP: 15/15
  6318 | D:7      | Reached skill level 10 in Polearms
  6485 | D:7      | Found Nyesiet's General Store.
  6703 | D:8      | Found Fokleab's General Store.
  6720 | D:8      | Bought a scroll of fog for 30 gold pieces
  6775 | D:8      | Found Nagy's Jewellery Boutique.
  6819 | D:8      | Found Liumeaf's General Store.
  6908 | D:8      | Noticed a two-headed ogre
  6912 | D:8      | Noticed a two-headed ogre
  6923 | D:8      | Killed a two-headed ogre
  6927 | D:8      | Killed a two-headed ogre
  6927 | D:8      | Reached **** piety under Okawaru
  6992 | D:8      | Found a staircase to the Lair.
  7096 | D:8      | Found a staircase to the Orcish Mines.
  7308 | D:8      | Found Cacuena's Armour Shop.
  7448 | D:8      | Found a bloodstained altar of Trog.
  7842 | D:9      | Noticed a cyan ugly thing
  7862 | D:9      | Killed a cyan ugly thing
  7862 | D:9      | Reached XP level 11. HP: 102/102 MP: 16/16
  8053 | D:9      | Noticed Prince Ribbit
  8066 | D:9      | Killed Prince Ribbit
  8195 | D:9      | Reached ***** piety under Okawaru
  8609 | D:10     | Entered Level 10 of the Dungeon
  8661 | D:10     | Reached skill level 5 in Armour
  8682 | D:10     | Noticed a white ugly thing
  8698 | D:10     | Killed a white ugly thing
  8907 | D:10     | Noticed Urug
  9189 | D:10     | Killed Urug
  9730 | D:10     | Found Quwnim's Gadget Boutique.
  9859 | D:11     | Noticed Erica
  9919 | D:11     | Found a frozen archway.
  9924 | IceCv    | Entered an ice cave
 10457 | IceCv    | Reached ****** piety under Okawaru
 10468 | IceCv    | Reached XP level 12. HP: 104/113 MP: 15/17
 10530 | IceCv    | Noticed a death yak
 10538 | IceCv    | Received a gift from Okawaru
 10548 | IceCv    | Killed a death yak
 10628 | IceCv    | Noticed a frost giant
 10682 | IceCv    | Killed a frost giant
 10706 | IceCv    | Got a brightly glowing jade ring
 11009 | D:11     | Identified the ring of the Moon {rC+ Dex-5 Slay+6 SInv}
                  | (You found it in an ice cave)
 11036 | D:11     | Noticed a centaur warrior
 11040 | D:11     | Killed a centaur warrior
 11040 | D:11     | Reached skill level 10 in Dodging
 11117 | D:11     | Found Cefussou's General Store.
 11160 | D:11     | Noticed Psyche
 11165 | D:11     | Killed Psyche
 11168 | D:11     | Noticed Maurice
 11184 | D:10     | Killed Erica
 11184 | D:10     | Reached skill level 10 in Armour
 11337 | D:11     | Noticed Maurice
 11337 | D:11     | Maurice changed into Maurice the boggart
 11340 | D:11     | Killed Maurice the boggart
 11387 | D:11     | Noticed Josephine
 11399 | D:11     | Killed Josephine
 11405 | D:11     | Received a gift from Okawaru
 11406 | D:11     | Found the +2 ratskin cloak {+Rats rN+}
 11695 | D:11     | Found a glowing silver altar of Zin.
 11903 | D:12     | Entered Level 12 of the Dungeon
 11932 | D:12     | Reached XP level 13. HP: 122/124 MP: 16/18
 12681 | D:12     | Found a staircase to the Depths.
 12681 | D:12     | Noticed a dire elephant
 12800 | D:11     | Reached skill level 15 in Fighting
 12954 | D:12     | Found a gate to the Vaults.
 13207 | D:12     | Received a gift from Okawaru
 13208 | D:12     | Found the +6 Majin-Bo {vamp, *Drain Str+12 Int+24}
 13623 | D:12     | Killed a dire elephant
 13830 | D:12     | Found a stormy altar of Qazlal.
 14077 | Lair:1   | Entered Level 1 of the Lair of Beasts
 14195 | Lair:1   | Reached skill level 1 in Shields
 14766 | Lair:2   | Found a hole to the Spider Nest.
 14776 | Lair:2   | Received a gift from Okawaru
 14974 | Lair:2   | Reached XP level 14. HP: 135/135 MP: 19/19
 15760 | Lair:3   | Reached skill level 15 in Armour
 16041 | Lair:3   | Reached skill level 5 in Shields
 16418 | Lair:3   | Got a bound platinum ring
 16426 | Lair:3   | Identified the ring of Sevon {+Fly rElec rC+} (You found it
                  | on level 3 of the Lair of Beasts)
 17103 | Lair:4   | Found a staircase to the Shoals.
 17188 | Lair:4   | Found a runed translucent gate.
 17188 | Lair:4   | Found a runed translucent gate.
 17190 | Lair:4   | Found a runed translucent gate.
 17191 | Lair:4   | Noticed runemage's ghost (journeyman GnFi)
 17309 | Lair:4   | Noticed Snorg
 17317 | Lair:4   | Killed Snorg
 17748 | Lair:5   | Received a gift from Okawaru
 18309 | Lair:6   | Entered Level 6 of the Lair of Beasts
 18426 | Lair:6   | Reached XP level 15. HP: 144/144 MP: 20/20
 19398 | Lair:6   | Received a gift from Okawaru
 19586 | Lair:6   | Identified The Lost Handbook of the Greatest Mummy
 19687 | Lair:6   | Found a viscous altar of Jiyva.
 19687 | Lair:6   | Found a staircase to the Slime Pits.
 19820 | Orc      | Entered the Orcish Mines
 19871 | Orc      | Found a staircase to the Elven Halls.
 19901 | Orc      | Lost dexterity.
 19991 | Orc      | Found a flickering gateway to a bazaar.
 20000 | Bazaar   | Entered a bazaar
 20000 | Bazaar   | Found Sapunon's Armour Emporium.
 20000 | Bazaar   | Found Nubueg's Jewellery Emporium.
 20313 | Bazaar   | Found Ugicvoz's Book Shoppe.
 20359 | Bazaar   | Found Poubi's Distillery.
 20369 | Bazaar   | Bought a potion of lignification for 24 gold pieces
 20369 | Bazaar   | Bought a potion of curing for 24 gold pieces
 20369 | Bazaar   | Bought a potion of curing for 24 gold pieces
 20369 | Bazaar   | Bought a potion of berserk rage for 40 gold pieces
 20369 | Bazaar   | Bought a potion of curing for 24 gold pieces
 20369 | Bazaar   | Bought a potion of curing for 24 gold pieces
 20369 | Bazaar   | Bought a potion of curing for 24 gold pieces
 20566 | Orc      | Found a bloodstained altar of Trog.
 21416 | Orc      | Found Ypotheh's Armour Emporium.
 21416 | Orc      | Found Bevaeko's Distillery.
 21416 | Orc      | Found Mutucsaysh's Weapon Shoppe.
 21523 | Orc      | Found Rulaecuk's Antique Weapon Shoppe.
 21852 | Spider:1 | Entered Level 1 of the Spider Nest
 22616 | Spider:1 | Received a gift from Okawaru
 22617 | Spider:1 | Found the +6 Scorpio {venom, beckon}
 22748 | Spider:1 | Reached skill level 10 in Shields
 23785 | Spider:2 | Reached XP level 16. HP: 155/155 MP: 21/21
 24088 | Spider:2 | Received a gift from Okawaru
 24795 | Spider:3 | Entered Level 3 of the Spider Nest
 24797 | Spider:3 | Got a wavering copper amulet
 25297 | Spider:3 | Received a gift from Okawaru
 26714 | Spider:3 | Received a gift from Okawaru
 27796 | Spider:3 | Identified the amulet "Litac" {Gourm Str+4} (You found it
                  | on level 3 of the Spider Nest)
 27796 | Spider:3 | Got a gossamer rune of Zot
 28008 | Shoals:1 | Entered Level 1 of the Shoals
 28580 | Shoals:1 | Reached XP level 17. HP: 163/163 MP: 22/22
 29167 | Shoals:2 | Noticed Frances
 29189 | Shoals:2 | Killed Frances
 29999 | Shoals:2 | Received a gift from Okawaru
 30389 | Shoals:3 | Entered Level 3 of the Shoals
 30552 | Shoals:3 | Noticed a kraken
 31116 | Shoals:3 | Noticed Ilsuiw
 31230 | Shoals:3 | Killed Ilsuiw
 31579 | Shoals:3 | Received a gift from Okawaru
 31579 | Shoals:3 | Reached skill level 15 in Dodging
 32187 | Shoals:3 | Got a barnacled rune of Zot
 32200 | Shoals:3 | Noticed Polyphemus
 32229 | Shoals:3 | Killed Polyphemus
 32440 | Shoals:3 | Identified the +8 plate armour "Xehue" {Str+2}
 32472 | Shoals:3 | Identified the amulet of Conversion {Acrobat rElec Int+4}
 32984 | Depths:1 | Entered Level 1 of the Depths
 33374 | D:12     | Reached XP level 18. HP: 170/176 MP: 23/23
 33579 | Depths:1 | Received a gift from Okawaru
 33638 | Depths:1 | Found a one-way gate leading to the halls of Pandemonium.
 34337 | Depths:1 | Found a basalt altar of Yredelemnul.
 34344 | Depths:1 | Noticed a profane servitor
 34355 | Depths:1 | Killed a profane servitor
 34355 | Depths:1 | Reached skill level 15 in Shields
 34464 | Depths:1 | Paralysed by a floating eye for 2 turns
 34557 | Depths:1 | Found a gateway to a ziggurat.
 34932 | Depths:1 | Found a gateway to Hell.
 35092 | Depths:2 | Received a gift from Okawaru
 35327 | Depths:2 | Found a runed translucent door.
 35328 | Depths:2 | Found a shimmering altar of Xom.
 35328 | Depths:2 | Noticed Ununsept's ghost (adept FrCj)
 35369 | Depths:2 | Killed Ununsept's ghost
 35603 | Depths:2 | Noticed a lich
 35611 | Depths:2 | Killed a lich
 35630 | Depths:2 | Noticed a lich
 35640 | Depths:2 | Killed a lich
 35675 | Depths:2 | Reached XP level 19. HP: 142/187 MP: 24/24
 35708 | Depths:2 | Received a gift from Okawaru
 37089 | Depths:3 | Identified the +5 scale mail "Daacakh" {*Slow Regen+ Slay+5
                  | SInv} (Okawaru gifted it to you on level 3 of the Depths)
 37089 | Depths:3 | Received a gift from Okawaru
 37769 | Depths:3 | Found the +0 pair of hand wraps "Fists of Thunder" {+elec,
                  | rElec Slay+2}
 38716 | Depths:3 | Identified the +9 quarterstaff of Atzuxu Bukli {crush,
                  | Fragile rC- rN+++ Stlth+} (Okawaru gifted it to you on
                  | level 3 of the Depths)
 38716 | Depths:3 | Received a gift from Okawaru
 39099 | Depths:3 | Identified the cursed +1 glaive of Defence by Offence
                  | {drain, *Noise rC+ Dex+4 SInv}
 39284 | Depths:3 | Identified the amulet of Fanak {Faith rElec rC+}
 39329 | Depths:3 | Identified the amulet "Qererall" {+Rage rElec MP+9 Str-5
                  | Int+2 SInv}
 39370 | Depths:3 | Identified the +7 arbalest "Death Rattle" {flame, Str+4}
 39566 | Depths:4 | Received a gift from Okawaru
 39589 | Depths:4 | Reached XP level 20. HP: 103/201 MP: 25/25
 40101 | Depths:4 | Noticed a Killer Klown
 40114 | Depths:4 | Killed a Killer Klown
 40236 | Depths:4 | Noticed a caustic shrike
 40237 | Depths:4 | Noticed a caustic shrike
 40237 | Depths:4 | Noticed a caustic shrike
 40781 | Depths:4 | Found a one-way gate to the infinite horrors of the Abyss.
 40962 | Depths:4 | Killed a caustic shrike
 40968 | Depths:4 | Killed a caustic shrike
 40968 | Depths:4 | Identified the +0 pair of boots of Poor Excuses {rF- Str-2
                  | Int+8} (Okawaru gifted it to you on level 4 of the Depths)
 40968 | Depths:4 | Received a gift from Okawaru
 40975 | Depths:4 | Killed a caustic shrike
 40989 | Depths:4 | HP: 15/304 [iron troll (18)]
 41465 | Depths:4 | Found a runed translucent gate.
 41465 | Depths:4 | Found a runed translucent gate.
 41465 | Depths:4 | Found a runed translucent gate.
 41467 | Depths:4 | Found an ancient bone altar of Kikubaaqudgha.
 41467 | Depths:4 | Noticed an ancient lich
 41467 | Depths:4 | Noticed an ancient lich
 41467 | Depths:4 | Noticed xzight's ghost (legendary MiBe)
 41467 | Depths:4 | Noticed gruber's ghost (adept MiAc)
 41468 | Depths:4 | Noticed speilhur's ghost (veteran VSRg)
 42301 | Lair:4   | Killed runemage's ghost
 42311 | Lair:4   | Identified the cursed -5 pair of gloves of the Shoals {MR+
                  | Str+4 Dex-4 Slay+3}
 42414 | D:6      | Killed EnegeticOcto's ghost
 42521 | Elf:1    | Entered Level 1 of the Elven Halls
 42843 | Elf:1    | Identified the Volume of the Escort
 42915 | Elf:1    | Received a gift from Okawaru
 43355 | Elf:2    | Found Ynonox's Book Boutique.
 43419 | Elf:2    | Found a magical portal.
 43745 | WizLab   | Entered Iskenderun's Mystic Tower
 43951 | WizLab   | Reached XP level 21. HP: 207/213 MP: 26/26
 44237 | WizLab   | Received a gift from Okawaru
 45258 | WizLab   | Identified Iskenderun's Collected Works on Confrontation
 45258 | WizLab   | Identified Iskenderun's Incunabulum of Confrontation
 45631 | Elf:2    | Found a runed gate.
 45631 | Elf:2    | Found a runed gate.
 45631 | Elf:2    | Found a runed gate.
 45868 | Elf:2    | Received a gift from Okawaru
 46149 | Elf:3    | Entered Level 3 of the Elven Halls
 46240 | Elf:3    | Found Wuzeguog's Food Boutique.
 46679 | Elf:3    | Identified the +9 halberd of Honour {chop, rPois Int+2}
                  | (Okawaru gifted it to you on level 3 of the Elven Halls)
 46679 | Elf:3    | Received a gift from Okawaru
 47482 | Elf:3    | Identified the +9 crystal plate armour of Kindness {Regen+
                  | Int+2 SInv} (Okawaru gifted it to you on level 3 of the
                  | Elven Halls)
 47482 | Elf:3    | Received a gift from Okawaru
 47572 | Elf:3    | Identified the +7 crystal plate armour "Wezode" {rF+ Str-5
                  | Stlth+} (You acquired it on level 3 of the Elven Halls)
 47572 | Elf:3    | Identified the ring of Attitude {rF+ MP-9 Str+7 Dex-5
                  | Stlth+} (You acquired it on level 3 of the Elven Halls)
 47672 | Elf:3    | Reached XP level 22. HP: 210/226 MP: 27/27
 47736 | Elf:3    | Found the +7 longbow "Piercer" {penet, EV-2}
 47779 | Elf:3    | Identified the ring "Isuklor" {+Fly MR+ Dex+4}
 47805 | Elf:3    | Identified the cursed -6 helmet "Dobism" {rElec rN+ Dex-4}
 47809 | Elf:3    | Identified the +12 scythe "Coleifesiv" {antimagic, *Corrode
                  | rElec rPois MR+}
 47856 | Elf:3    | Found the +12 glaive of Prune {chop, lignify}
 47856 | Elf:3    | Identified the cursed +0 hunting sling "Rairath" {freeze,
                  | Int+3}
 47862 | Elf:3    | Identified the Compendium of Flight and Poisoning
 47898 | Elf:3    | Identified Akea's Almanac of the Oath and Air
 47914 | Elf:3    | Identified the +3 buckler of Tender Moments {rElec Slay+3}
 48089 | Elf:3    | Reached skill level 1 in Evocations
 48316 | Vaults:1 | Entered Level 1 of the Vaults
 48316 | Vaults:1 | Found Evirum's Assorted Antiques.
 48321 | Vaults:1 | Bought a scroll of teleportation for 90 gold pieces
 48321 | Vaults:1 | Bought a fizzy red potion for 27 gold pieces
 48321 | Vaults:1 | Bought a scroll of magic mapping for 105 gold pieces
 48321 | Vaults:1 | Bought a potion of invisibility for 240 gold pieces
 48393 | Vaults:1 | Found Muvuifful's General Store.
 48522 | Vaults:1 | Found Suqoid's Gadget Emporium.
 48882 | Vaults:1 | Bought a scroll of fear for 59 gold pieces
 48882 | Vaults:1 | Bought a scroll of enchant armour for 127 gold pieces
 49099 | Vaults:1 | Found Ydellat's Distillery.
 49125 | Vaults:1 | Bought a potion of berserk rage for 105 gold pieces
 49125 | Vaults:1 | Bought a potion of curing for 63 gold pieces
 49125 | Vaults:1 | Bought a potion of curing for 63 gold pieces
 49125 | Vaults:1 | Bought a potion of heal wounds for 105 gold pieces
 49125 | Vaults:1 | Bought a potion of lignification for 63 gold pieces
 49125 | Vaults:1 | Bought a potion of cancellation for 168 gold pieces
 49125 | Vaults:1 | Bought a potion of curing for 63 gold pieces
 49125 | Vaults:1 | Bought a potion of haste for 210 gold pieces
 49125 | Vaults:1 | Bought 2 potions of might for 168 gold pieces
 49125 | Vaults:1 | Bought a potion of invisibility for 168 gold pieces
 49125 | Vaults:1 | Bought a potion of haste for 210 gold pieces
 49125 | Vaults:1 | Bought a potion of curing for 63 gold pieces
 49137 | Vaults:1 | Found a staircase to the Crypt.
 49137 | Vaults:1 | Found an ancient bone altar of Kikubaaqudgha.
 49138 | Vaults:1 | Found a basalt altar of Yredelemnul.
 49481 | Vaults:2 | Received a gift from Okawaru
 49610 | Vaults:2 | Found Rixtet's Magic Scroll Boutique.
 49861 | Vaults:2 | Bought a scroll of remove curse for 36 gold pieces
 49861 | Vaults:2 | Bought a scroll of magic mapping for 42 gold pieces
 49861 | Vaults:2 | Bought a scroll of magic mapping for 42 gold pieces
 49861 | Vaults:2 | Bought a scroll of blinking for 90 gold pieces
 49861 | Vaults:2 | Bought a scroll of blinking for 90 gold pieces
 49861 | Vaults:2 | Bought a scroll of enchant armour for 90 gold pieces
 49861 | Vaults:2 | Bought a scroll of fear for 42 gold pieces
 49910 | Vaults:2 | Reached skill level 5 in Evocations
 50066 | Vaults:2 | Identified the cursed +0 arbalest of Classification {penet,
                  | rPois Str+4}
 50496 | Vaults:2 | Received a gift from Okawaru
 50557 | Vaults:3 | Entered Level 3 of the Vaults
 50565 | Vaults:3 | Noticed a juggernaut
 50636 | Vaults:2 | Killed a juggernaut
 50657 | Vaults:3 | Received a gift from Okawaru
 50879 | Vaults:3 | Identified the +6 chain mail of the Unstoppable Moons {+Inv
                  | rElec Int+4}
 50886 | Vaults:3 | Reached XP level 23. HP: 216/237 MP: 28/28
 50899 | Vaults:3 | Identified the +4 scale mail of Mavin {*Corrode rElec
                  | Str+4}
 51433 | Vaults:3 | Identified the +1 fustibalus of Bloody Death {venom, Dex+7}
 51460 | Vaults:3 | Identified the +5 spear "Manoimp" {elec, MP+9 Str+4}
 51460 | Vaults:3 | Noticed Boris
 51471 | Vaults:3 | Received a gift from Okawaru
 51515 | Vaults:3 | Killed Boris
 51650 | Vaults:3 | Noticed a juggernaut
 51675 | Vaults:3 | Killed a juggernaut
 51879 | Vaults:3 | Identified the ring "Heowoff" {*Corrode MR+++ Int+8 Stlth-}
 51907 | Vaults:3 | Reached skill level 27 in Armour
 51946 | Vaults:3 | Noticed Sojobo
 51969 | Vaults:3 | Killed Sojobo
 51969 | Vaults:3 | Reached skill level 27 in Fighting
 52008 | Vaults:3 | Reached skill level 10 in Evocations
 52017 | Vaults:3 | Received a gift from Okawaru
 52564 | Vaults:3 | Identified the +1 ring mail of Hugip {rElec}
 52638 | Vaults:3 | Got a silver rune of Zot
 52657 | Vaults:3 | Identified the Volume of Blistering Benedictions
 52930 | Crypt:1  | Entered Level 1 of the Crypt
 53137 | Crypt:1  | Reached XP level 24. HP: 243/249 MP: 30/30
 53411 | Crypt:1  | Received a gift from Okawaru
 53733 | Crypt:2  | Entered Level 2 of the Crypt
 53864 | Crypt:2  | Noticed Mara
 53884 | Crypt:2  | Killed Mara
 53919 | Crypt:2  | Found an ancient bone altar of Kikubaaqudgha.
 53974 | Crypt:2  | Received a gift from Okawaru
 53979 | Crypt:2  | Reached skill level 15 in Polearms
 54135 | Crypt:2  | Noticed Frederick
 54150 | Crypt:2  | Killed Frederick
 54208 | Crypt:2  | Found a staircase to the Tomb.
 54212 | Crypt:2  | Noticed an ancient lich
 54229 | Crypt:2  | Killed an ancient lich
 54489 | Crypt:2  | Identified the cursed ring of Puvoz {rC+ rN+ MR++ Str-5
                  | Dex-5}
 55564 | Depths:5 | Entered Level 5 of the Depths
 55793 | Depths:5 | Found a gate to the Realm of Zot.
 55823 | Depths:5 | Identified the +3 spear "Ewkishrue" {holy, Int+2} (Okawaru
                  | gifted it to you on level 5 of the Depths)
 55823 | Depths:5 | Received a gift from Okawaru
 56036 | Depths:5 | Reached XP level 25. HP: 193/257 MP: 32/32
 56119 | Depths:5 | Received a gift from Okawaru
 56201 | Depths:5 | Noticed a golden dragon
 56213 | Depths:5 | Killed a golden dragon
 56259 | Depths:5 | Noticed a Killer Klown
 56262 | Depths:5 | Noticed a golden dragon
 56277 | Depths:5 | Killed a Killer Klown
 56283 | Depths:5 | Killed a golden dragon
 56803 | Zot:1    | Entered Level 1 of the Realm of Zot
 56811 | Zot:1    | Received a gift from Okawaru
 56879 | Zot:1    | Reached skill level 15 in Evocations
 56927 | Zot:1    | Found a transporter.
 56931 | Zot:1    | Noticed a golden dragon
 56989 | Zot:1    | Identified the +4 hat of Absolutism {rN+ Regen+} (You
                  | acquired it on level 1 of the Realm of Zot)
 56989 | Zot:1    | Identified the amulet of Ylogiufo {Acrobat rPois rF+ MR+
                  | Dex+3} (You acquired it on level 1 of the Realm of Zot)
 57039 | Zot:1    | Noticed a golden dragon
 57049 | Zot:1    | Killed a golden dragon
 57133 | Zot:1    | Noticed a Killer Klown
 57133 | Zot:1    | Noticed a Killer Klown
 57141 | Zot:1    | Noticed a Killer Klown
 57153 | Zot:1    | Killed a Killer Klown
 57164 | Zot:1    | Killed a Killer Klown
 57164 | Zot:1    | Received a gift from Okawaru
 57194 | Zot:1    | Killed a Killer Klown
 57392 | Zot:1    | Found the +0 mask of the Dragon {MR+ Slay+3 SInv}
 57392 | Zot:1    | Noticed a golden dragon
 57455 | Zot:1    | Killed a golden dragon
 57455 | Zot:1    | Identified the +6 dagger of Disaster {pain, rF+ Int+2
                  | Dex+2} (Okawaru gifted it to you on level 1 of the Realm of
                  | Zot)
 57455 | Zot:1    | Received a gift from Okawaru
 57532 | Zot:1    | Noticed a golden dragon
 57536 | Zot:1    | Killed a golden dragon
 57548 | Zot:1    | Killed a golden dragon
 57679 | Zot:1    | Found a transporter.
 58094 | Zot:2    | Received a gift from Okawaru
 58285 | Zot:2    | Reached XP level 26. HP: 213/266 MP: 34/34
 59023 | Zot:3    | Noticed a golden dragon
 59057 | Zot:3    | Received a gift from Okawaru
 59067 | Zot:3    | Killed a golden dragon
 59285 | Zot:3    | Noticed a Killer Klown
 59300 | Zot:3    | Killed a Killer Klown
 59532 | Zot:3    | Noticed a golden dragon
 59541 | Zot:3    | Killed a golden dragon
 59599 | Zot:3    | Identified the +2 leather armour "Upaom" {rC- Regen+ Dex+5}
 59859 | Zot:3    | Received a gift from Okawaru
 60469 | Zot:3    | Noticed a golden dragon
 60475 | Zot:3    | Killed a golden dragon
 60676 | Zot:4    | Received a gift from Okawaru
 61388 | Zot:4    | Identified the +0 cloak "Miqaw" {*Corrode rPois Int+7}
                  | (Okawaru gifted it to you on level 4 of the Realm of Zot)
 61388 | Zot:4    | Received a gift from Okawaru
 61466 | Zot:4    | Reached XP level 27. HP: 231/273 MP: 35/35
 61881 | Zot:5    | Entered Level 5 of the Realm of Zot
 62488 | Zot:5    | Noticed an ancient lich
 62524 | Zot:5    | Noticed an ancient lich
 62546 | Zot:5    | Noticed an ancient lich
 62564 | Zot:5    | Killed an ancient lich
 62596 | Zot:5    | Noticed an ancient lich
 62608 | Zot:5    | Received a gift from Okawaru
 62612 | Zot:5    | Killed an ancient lich
 62643 | Zot:5    | Noticed an orb of fire
 62646 | Zot:5    | Killed an ancient lich
 62647 | Zot:5    | Gained mutation: Your body sometimes deteriorates upon
                  | taking damage. [an orb of fire]
 62652 | Zot:5    | Gained mutation: Scrolls take you a little longer to read.
                  | [an orb of fire]
 62662 | Zot:5    | Gained mutation: Your spells are a little easier to cast,
                  | but a little less powerful. [an orb of fire]
 62663 | Zot:5    | Killed an orb of fire
 62868 | Zot:5    | Noticed an ancient lich
 62879 | Zot:5    | Killed an ancient lich
 63098 | Zot:5    | Received a gift from Okawaru
 63253 | Zot:5    | Noticed an orb of fire
 63265 | Zot:5    | Gained mutation: Scrolls take you longer to read. [an orb
                  | of fire]
 63281 | Zot:5    | Gained mutation: You are weak. (Str -2) [an orb of fire]
 63287 | Zot:5    | Killed an orb of fire
 63289 | Zot:5    | Noticed an orb of fire
 63289 | Zot:5    | Gained mutation: Your spells are easier to cast, but less
                  | powerful. [an orb of fire]
 63289 | Zot:5    | Gained mutation: Your magical capacity is low. (-10% MP)
                  | [an orb of fire]
 63305 | Zot:5    | Noticed an ancient lich
 63320 | Zot:5    | Killed an orb of fire
 63331 | Zot:5    | Noticed an ancient lich
 63375 | Zot:5    | Killed an ancient lich
 63381 | Zot:5    | Killed an ancient lich
 63387 | Zot:5    | Noticed an ancient lich
 63658 | Zot:5    | Killed an ancient lich
 63752 | Zot:5    | Identified the cursed +1 hand axe "Fushoph" {venom, *Drain
                  | rF++}
 64082 | Zot:5    | Killed an ancient lich
 64471 | Zot:5    | Lost mutation: Your body sometimes deteriorates upon taking
                  | damage. [potion of mutation]
 64471 | Zot:5    | Lost mutation: Your magical capacity is low. (-10% MP)
                  | [potion of mutation]
 64471 | Zot:5    | Lost mutation: Scrolls take you longer to read. [potion of
                  | mutation]
 64471 | Zot:5    | Gained mutation: You are very weak. (Str -4) [potion of
                  | mutation]
 64471 | Zot:5    | Gained mutation: You are agile. (Dex +2) [potion of
                  | mutation]
 64472 | Zot:5    | Lost mutation: You are agile. (Dex +2) [potion of mutation]
 64472 | Zot:5    | Lost mutation: Scrolls take you a little longer to read.
                  | [potion of mutation]
 64472 | Zot:5    | Lost mutation: You are very weak. (Str -4) [potion of
                  | mutation]
 64472 | Zot:5    | Gained mutation: You tend to lose your temper in combat.
                  | [potion of mutation]
 64472 | Zot:5    | Gained mutation: You are occasionally teleported next to
                  | monsters. [potion of mutation]
 64472 | Zot:5    | Gained mutation: You have a pair of large horns on your
                  | head. [potion of mutation]
 64473 | Zot:5    | Lost mutation: You have a pair of large horns on your head.
                  | [potion of mutation]
 64473 | Zot:5    | Lost mutation: You are weak. (Str -2) [potion of mutation]
 64473 | Zot:5    | Lost mutation: You are occasionally teleported next to
                  | monsters. [potion of mutation]
 64473 | Zot:5    | Gained mutation: You have sharp toenails. [potion of
                  | mutation]
 64473 | Zot:5    | Gained mutation: You have supernaturally acute eyesight.
                  | (SInv) [potion of mutation]
 64474 | Zot:5    | Lost mutation: You tend to lose your temper in combat.
                  | [potion of mutation]
 64474 | Zot:5    | Lost mutation: Your spells are easier to cast, but less
                  | powerful. [potion of mutation]
 64474 | Zot:5    | Lost mutation: You have sharp toenails. [potion of
                  | mutation]
 64474 | Zot:5    | Gained mutation: Your flesh is cold resistant. (rC+)
                  | [potion of mutation]
 64474 | Zot:5    | Gained mutation: You expend magic power (3 MP) to
                  | strengthen your wands. [potion of mutation]
 64474 | Zot:5    | Gained mutation: You are robust. (+10% HP) [potion of
                  | mutation]
 64475 | Zot:5    | Lost mutation: You expend magic power (3 MP) to strengthen
                  | your wands. [potion of mutation]
 64475 | Zot:5    | Lost mutation: Your spells are a little easier to cast, but
                  | a little less powerful. [potion of mutation]
 64475 | Zot:5    | Lost mutation: Your flesh is cold resistant. (rC+) [potion
                  | of mutation]
 64475 | Zot:5    | Gained mutation: Your flesh is cold resistant. (rC+)
                  | [potion of mutation]
 64475 | Zot:5    | Gained mutation: You are somewhat resistant to further
                  | mutation. [potion of mutation]
 64521 | Zot:5    | Got the Orb of Zot
 64683 | Zot:1    | HP: 14/300 [??? (9)]
 64789 | Depths:4 | Noticed Ylag the pandemonium lord
 64806 | Depths:4 | Noticed Assyusk the pandemonium lord
 64837 | Depths:3 | Killed Ylag the pandemonium lord
 64855 | Depths:3 | Identified the +5 halberd of Anger {chop, rF+ rC+} (Okawaru
                  | gifted it to you on level 3 of the Depths)
 64855 | Depths:3 | Received a gift from Okawaru
 65090 | D:7      | Noticed Apsuh the pandemonium lord
 65115 | D:7      | Noticed Ewomp the pandemonium lord
 65315 | D:2      | Noticed Xuawnuku the pandemonium lord
 65371 | D:$      | Escaped with the Orb!

Skill      XL: |  1  2  3  4  5  6  7  8  9 10 11 12 13 14 15 16 17 18 19 20 21 22 23 24 25 26 27 |
---------------+----------------------------------------------------------------------------------+-----
Fighting       | 2 3 4 5 6 8 10 11 12 14 15 16 17 18 19 20 22 23 25 26 27 | 27.0
Stealth        | 3 |  3.0
Dodging        | 4 5 6 9 10 11 12 14 15 | 15.0
Staves         | 2 3 5 |  5.7
Polearms       | 1 5 9 11 12 13 17 20 22 26 | 26.2
Invocations    | 4 8 |  8.0
Armour         | 4 8 10 14 15 17 18 19 20 22 23 25 26 27 | 27.0
Shields        | 3 7 10 12 14 15 | 15.0
Evocations     | 6 11 14 16 18 21 | 21.4
Maces & Flails | |  1.2

Action                   |  1- 3 |  4- 6 |  7- 9 | 10-12 | 13-15 | 16-18 | 19-21 | 22-24 | 25-27 || total
-------------------------+-------+-------+-------+-------+-------+-------+-------+-------+-------++-------
Melee: Whip              |   102 |   102 |       |       |       |       |       |       |       ||   204
       Headbutt          |    13 |    22 |    37 |   108 |   237 |   317 |   290 |   381 |   368 ||  1773
       Quarterstaff      |       |    43 |    55 |       |       |       |       |       |       ||    98
       Lance             |       |       |   198 |   662 |  1600 |  2111 |  1761 |  1913 |  1604 ||  9849
       Unarmed           |       |       |    52 |    19 |       |       |       |       |       ||    71
       Punch             |       |       |       |     8 |     1 |       |       |       |       ||     9
 Fire: Hand crossbow     |       |       |       |     2 |       |       |       |       |       ||     2
Throw: Javelin           |       |     9 |       |     5 |     1 |       |       |       |       ||    15
Invok: Heroism           |       |       |     2 |    12 |     5 |     4 |     3 |     3 |     1 ||    30
       Finesse           |       |       |       |     2 |     1 |     3 |     4 |     1 |     5 ||    16
 Abil: Stop Flying       |       |       |       |       |       |       |       |     1 |       ||     1
Evoke: Wand              |       |       |       |     3 |       |       |       |       |       ||     3
       Sack of spiders   |       |       |       |       |       |       |       |       |     1 ||     1
  Use: Scroll            |       |     1 |     7 |     8 |    14 |     3 |     4 |     2 |    12 ||    51
       Potion            |       |       |       |       |     1 |       |     6 |       |    19 ||    26
 Stab: Sleeping          |     6 |     4 |       |       |       |       |       |       |       ||    10
       Distracted        |       |       |       |     1 |       |       |       |     1 |       ||     2
       Held in net/web   |       |       |       |       |       |     1 |       |       |       ||     1
  Eat: Chunk             |     3 |     3 |     7 |     9 |    27 |    10 |     9 |     5 |     2 ||    75
       Ration            |       |       |     1 |     3 |     3 |     9 |     9 |     7 |     9 ||    41
Armor: Robe              |    27 |    46 |       |       |       |       |       |       |       ||    73
       Troll leather arm |       |     4 |    64 |    12 |       |       |       |       |       ||    80
       Chain mail        |       |       |       |   125 |   377 |       |       |       |       ||   502
       Skin              |       |       |       |     2 |       |       |       |       |       ||     2
       Plate armour      |       |       |       |       |   167 |   749 |   464 |       |       ||  1380
       Crystal plate arm |       |       |       |       |       |       |     6 |   627 |   208 ||   841
       Gold dragon scale |       |       |       |       |       |       |       |       |   420 ||   420
Dodge: Dodged            |    71 |   123 |   192 |   229 |   541 |   789 |   419 |   382 |   363 ||  3109
Block: Buckler           |       |       |       |       |   227 |   484 |   295 |   476 |   184 ||  1666
       Medium shield     |       |       |       |       |       |       |       |       |   348 ||   348
